 Dungeon Crawl Stone Soup version 0.26.1-2-gb8aa6d0cf2 (webtiles) character file.

Game seed: 9506982523015301023

98643 Amaterasu the Stickfighter (level 15, -1/141 HPs)
             Began as a Minotaur Gladiator on Feb 13, 2021.
             Was the Champion of Okawaru.
             Slain by a goliath frog (14 damage)
             ... called by a spriggan druid
             ... on level 1 of the Swamp on Feb 14, 2021.
             The game lasted 00:38:57 (27123 turns).

Amaterasu the Stickfighter (Minotaur Gladiator)    Turns: 27123, Time: 00:38:57

Health: -1/141     AC: 30    Str: 21    XL:     15   Next: 75%
Magic:  14/20      EV: 12    Int:  8    God:    Okawaru [******]
Gold:   1368       SH:  5    Dex: 13    Spells: 14/14 levels left

rFire    . . .     SeeInvis +   G - +6 lajatang (vorpal)
rCold    + + +     Faith    .   (shield currently unavailable)
rNeg     . . .     Spirit   .   a - +1 crystal plate armour
rPois    +         Reflect  +   F - -6 hat "Cujyc" {rPois rC+++ Str-3 SInv}
rElec    .         Harm     .   V - +1 cloak {rPois}
rCorr    .         Rampage  .   x - +0 pair of gloves
Will     ++...                  I - +2 pair of boots {Stlth+}
Stlth    ..........             L - amulet "Nigyr" {Reflect rF- Int+3 Slay+5 SH+5}
HPRegen  0.33/turn              o - ring of protection from fire
MPRegen  0.17/turn              N - ring of willpower

@: heroism, finesse
A: retaliatory headbutt, horns 2
a: Renounce Religion, Heroism, Finesse


You were on level 1 of the Swamp.
You worshipped Okawaru.
Okawaru was exalted by your worship.
You visited 5 branches of the dungeon, and saw 25 of its levels.
You visited 1 bazaar.
You also visited: Ossuary and Volcano.

You collected 2208 gold pieces.
You spent 840 gold pieces at shops.

Inventory:

Hand Weapons
 G - a +6 vorpal lajatang (weapon)
Missiles
 d - 3 throwing nets (quivered)
Armour
 a - a +1 crystal plate armour (worn)
 c - a +0 hat
 r - a scarf of repulsion
 x - a +0 pair of gloves (worn)
 F - the -6 hat "Cujyc" (worn) {rPois rC+++ Str-3 SInv}
   (You found it in a volcano)

   It affects your strength (-3).
   It renders you almost immune to cold.
   It protects you from poison.
   It lets you see invisible.
 I - a +2 pair of boots of stealth (worn)
 V - a +1 cloak of poison resistance (worn)
Jewellery
 b - an uncursed ring of willpower
 k - an uncursed ring of positive energy
 o - a ring of protection from fire (left hand)
 t - a +6 ring of strength
 L - the amulet "Nigyr" (around neck) {Reflect rF- Int+3 Slay+5 SH+5}
   (You acquired it on level 1 of the Lair of Beasts)

   [amulet of reflection]

   It shields you and reflects attacks.
   It affects your intelligence (+3).
   It affects your accuracy and damage with ranged weapons and melee attacks
   (+5).
   It makes you vulnerable to fire.
   It affects your SH (+5).
 N - a ring of willpower (right hand)
 T - the ring "Rigionil" {Int+5 Dex+4 Stlth+}
   (You found it on level 5 of the Lair of Beasts)

   [ring of stealth]

   It affects your intelligence (+5).
   It affects your dexterity (+4).
   It makes you more stealthy.
Wands
 w - a wand of flame (6)
 y - a wand of iceblast (26)
 C - a wand of paralysis (33)
 O - a wand of acid (7)
 S - a wand of disintegration (12)
Scrolls
 j - 7 scrolls of teleportation
 s - 6 scrolls of amnesia
 u - 3 scrolls of fear
 B - 4 scrolls of fog
 D - a scroll of summoning
 E - 6 scrolls of remove curse
 K - 2 scrolls of blinking
 M - 3 scrolls of enchant armour
 P - 5 scrolls of magic mapping
 R - 6 scrolls of identify
 W - a scroll of holy word
Potions
 e - 4 potions of attraction
 f - a potion of cancellation
 g - 5 potions of lignification
 h - 4 potions of curing
 i - 4 potions of magic
 l - 4 potions of heal wounds
 m - 9 potions of flight
 n - 6 potions of resistance
 p - 5 potions of haste
 q - 3 potions of mutation
 v - 4 potions of brilliance
 z - 3 potions of berserk rage
 A - 2 potions of invisibility
 J - 2 potions of might
Miscellaneous
 H - a lightning rod (1/4)
 Q - a condenser vane


   Skills:
 - Level 15.0(20.0) Fighting
 - Level 16.0(21.0) Staves
 - Level 2.0(7.0) Throwing
 * Level 15.4(20.4) Armour
 * Level 11.2(16.2) Dodging
 - Level 8.0 Invocations
 * Level 10.9 Evocations


You had 14 spell levels left.
You didn't know any spells.
Your spell library contained the following spells:

 Spells                   Type           Power        Failure   Level
 Corona                   Hex            0%           100%        1
 Magic Dart               Conj           0%           100%        1
 Blink                    Tloc           N/A          100%        2
 Call Imp                 Summ           0%           100%        2
 Ensorcelled Hibernation  Hex/Ice        0%           100%        2
 Poisonous Vapours        Pois/Air       0%           100%        2
 Slow                     Hex            0%           100%        2
 Confusing Touch          Hex            0%           100%        3
 Conjure Flame            Conj/Fire      0%           100%        3
 Dazzling Flash           Conj/Hex       0%           100%        3
 Gell's Gravitas          Tloc           0%           100%        3
 Mephitic Cloud           Conj/Pois/Air  0%           100%        3
 Tukima's Dance           Hex            0%           100%        3
 Cause Fear               Hex            0%           100%        4
 Petrify                  Tmut/Erth      0%           100%        4
 Irradiate                Conj/Tmut      0%           100%        5
 Metabolic Englaciation   Hex/Ice        0%           100%        5
 Silence                  Hex/Air        0%           100%        5
 Yara's Violent Unravell  Hex/Tmut       0%           100%        5
 Freezing Cloud           Conj/Ice/Air   0%           100%        6
 Hydra Form               Tmut           0%           100%        6
 Statue Form              Tmut/Erth      0%           100%        6
 Dragon Form              Tmut           0%           100%        7
 Haunt                    Necr/Summ      0%           100%        7
 Borgnjor's Revivificati  Necr           0%           100%        8
 Discord                  Hex            0%           100%        8
 Infestation              Necr           0%           100%        8
 Necromutation            Tmut/Necr      0%           100%        8
 Death's Door             Necr           0%           100%        9


Dungeon Overview and Level Annotations

Branches:
Dungeon (15/15)            Temple (1/1) D:4            Lair (6/6) D:8
  Swamp (1/4) Lair:2       Spider (0/4) Lair:3        Slime (0/5) Lair:5
    Orc (2/2) D:11            Elf (0/3) Orc:2        Vaults (0/5) D:13
 Depths (0/5) D:15        Ossuary (visited)         Volcano (visited)

Altars:
Ashenzari
Cheibriados
Dithmenos
Elyvilon
Fedhas
Gozag
Hepliaklqana
Kikubaaqudgha
Makhleb
Nemelex Xobeh
Okawaru
Qazlal
Ru
Sif Muna
Trog
Uskayaw
Vehumet
Wu Jian
Xom
Yredelemnul
Zin
The Shining One
Beogh

Shops:
D:5 *   D:13 (*   Orc:2 }(}?


Innate Abilities, Weirdness & Mutations

You reflexively headbutt those who attack you in melee.
You have a pair of horns on your head.


Message History

You chop the tyrant leech into pieces!!!
You kill the tyrant leech!
Okawaru accepts your kill. The goliath frog completely misses you.
You slash the alligator!
The alligator is almost dead.
The goliath frog hits you from afar.
* * * LOW HITPOINT WARNING * * *
You are splashed with acid!
* * * LOW HITPOINT WARNING * * *
The spriggan rider hits you from afar with a +0 spear.
* * * LOW HITPOINT WARNING * * *
The swamp worm fires a harpoon shot at you.
The harpoon shot misses you. The alligator bites you.
* * * LOW HITPOINT WARNING * * *
The alligator tail-slaps you!
* * * LOW HITPOINT WARNING * * *
The goliath frog hits you from afar!
You die...

♣≈..♣ ..≈♣♣
...≈♣♣♣ ≈
♣≈.≈≈.♣♣ ≈≈≈
♣♣≈≈.≈≈.♣♣♣
≈≈≈.♣.≈F..≈≈≈.≈
.≈≈≈≈Ft).§≈≈≈≈.
..$.ti≈@†.≈≈≈..
...w≈w)†..≈≈≈♣♣
≈≈....♣♣.≈≈≈≈.♣
≈≈≈≈≈. >≈≈...♣
≈≈§≈≈ ≈...≈≈.
≈≈≈.. ≈≈.≈§≈≈
§§.. ....≈≈.
..≈♣ ♣≈..≈.♣


You could see 2 alligators, a tyrant leech, a spriggan rider, 2 goliath frogs
and a swamp worm.

Vanquished Creatures
  An ironheart preserver (D:13)
  An ettin (D:15)
  An eleionoma (Swamp:1)
  2 boulder beetles
  2 ogre magi (D:15)
  Fannar (D:10)
  5 hydras
  Erica (D:11)
  4 two-headed ogres
  3 catoblepae
  3 centaur warriors
  2 death knights
  4 tengu warriors (D:15)
  A hell hog (Volcano)
  An orc high priest (Orc:1)
  3 skeletal warriors (D:14)
  A fire crab (Volcano)
  An orange crystal statue (D:13)
  2 spriggan druids (Swamp:1)
  3 unseen horrors
  A wolf spider zombie (D:15)
  4 orc knights (Orc:2)
  A deep elf mage (D:12)
  A faun (D:12)
  18 ugly things
  2 orc sorcerers
  An oklob plant (Lair:2)
  3 cyclopes
  A salamander (shapeshifter) (D:13)
  4 manticores
  11 elephants
  A gargoyle (D:11)
  4 black mambas
  3 rime drakes
  15 cane toads
  A freezing wraith (D:15)
  2 kobold demonologists
  6 komodo dragons
  A demonic crawler (Lair:3)
  6 trolls
  8 hornets
  11 polar bears
  Prince Ribbit (D:8)
  2 tyrant leeches (Swamp:1)
  14 blink frogs
  15 slime creatures
  Grinder (D:3)
  2 dream sheep (Lair:6)
  Sigmund (D:4)
  A vampire (D:13)
  3 shadows
  2 wyverns
  15 spriggans
  7 wraiths
  3 basilisks
  4 hogs (D:9)
  44 yaks
  5 steam dragons
  Grum (D:8)
  A human (D:9)
  7 vampire mosquitoes
  Menkaure (D:6)
  3 wargs (Orc:2)
  A swamp worm (Swamp:1)
  3 acid dragons
  An acid dragon (shapeshifter) (D:14)
  18 water moccasins
  Duvessa (D:4)
  4 hell hounds
  11 black bears
  3 sky beasts
  4 ice beasts
  29 orc warriors
  3 phantoms
  10 ogres
  A necrophage (D:10)
  26 wolves
  3 boggarts (Lair:6)
  23 centaurs
  5 big kobolds
  36 bullfrogs
  A wyvern zombie (D:12)
  A water moccasin zombie (Ossuary)
  4 scorpions
  3 killer bees (D:8)
  Dowan (D:4)
  5 wights (D:6)
  An electric eel (Lair:6)
  5 howler monkeys
  A bullfrog zombie (D:12)
  2 quasits
  5 jellies
  7 orc priests
  7 centaur skeletons
  5 hounds
  2 bullfrog skeletons
  Jessica (D:2)
  14 orc wizards
  2 iguanas
  2 hell rats (Lair:1)
  7 worker ants
  A killer bee zombie (D:5)
  3 big kobold zombies (Ossuary)
  A hound skeleton (D:10)
  3 mummies
  3 gnolls (D:8)
  11 river rats (Lair:1)
  15 adders
  3 shadow imps
  2 white imps
  3 ufetubi
  An ooze (D:2)
  5 adder zombies (Ossuary)
  4 worms
  3 dart slugs
  2 leopard geckos
  95 orcs
  6 giant cockroaches
  2 goblins
  8 hobgoblins
  14 jackals
  6 quokkas
  A ball python (D:7)
  7 bats
  4 frilled lizards
  A gnoll zombie (Ossuary)
  3 hobgoblin zombies
  40 kobolds
  3 kobold zombies
  3 leopard gecko skeletons
  5 orc zombies (Ossuary)
  A quokka skeleton (D:5)
  11 rats
808 creatures vanquished.

Vanquished Creatures (collateral kills)
  A centaur (D:13)
1 creature vanquished.

Vanquished Creatures (others)
  An unseen horror (D:12)
  64 fungi
  69 plants
134 creatures vanquished.

Grand Total: 943 creatures vanquished

Notes
Turn   | Place    | Note
-------+----------+-------------------------------------------
     0 | D:1      | Amaterasu the Minotaur Gladiator began the quest for the
                  | Orb.
     0 | D:1      | Reached XP level 1. HP: 18/18 MP: 0/0
    98 | D:1      | Reached skill level 4 in Staves
   262 | D:1      | Reached XP level 2. HP: 25/25 MP: 1/1
   807 | D:2      | Found a sparkling altar of Nemelex Xobeh.
   807 | D:2      | Noticed Jessica
   813 | D:2      | Killed Jessica
   814 | D:2      | Reached skill level 5 in Staves
   814 | D:2      | Reached XP level 3. HP: 23/31 MP: 2/2
  1189 | D:2      | Reached XP level 4. HP: 32/38 MP: 3/3
  1693 | D:3      | Reached skill level 6 in Staves
  1721 | D:3      | Reached skill level 1 in Armour
  1721 | D:3      | Reached XP level 5. HP: 46/46 MP: 4/4
  2042 | D:3      | Found a shadowy altar of Dithmenos.
  2161 | D:3      | Noticed Grinder
  2165 | D:3      | Paralysed by Grinder for 3 turns
  2169 | D:3      | Paralysed by Grinder for 3 turns
  2187 | D:3      | Killed Grinder
  2188 | D:3      | Reached skill level 5 in Fighting
  2188 | D:3      | Reached XP level 6. HP: 4/56 MP: 5/5
  2721 | D:4      | Reached skill level 5 in Armour
  2858 | D:4      | Found a staircase to the Ecumenical Temple.
  2883 | Temple   | Entered the Ecumenical Temple
  2946 | Temple   | Became a worshipper of Warmaster Okawaru
  2974 | D:4      | Noticed Dowan
  2982 | D:4      | Killed Dowan
  2984 | D:4      | Noticed Duvessa
  3007 | D:4      | Killed Duvessa
  3008 | D:4      | Reached XP level 7. HP: 24/61 MP: 6/6
  3350 | D:4      | Noticed Sigmund
  3356 | D:4      | Killed Sigmund
  3357 | D:4      | Reached skill level 7 in Staves
  3605 | D:4      | Noticed a troll
  3628 | D:4      | Reached * piety under Okawaru
  3705 | D:4      | Killed a troll
  3706 | D:4      | Reached XP level 8. HP: 49/70 MP: 7/7
  4085 | D:5      | Entered Level 5 of the Dungeon
  4156 | D:5      | Found a sand-covered staircase.
  4162 | D:5      | Reached skill level 8 in Staves
  4165 | Ossuary  | Entered an ossuary
  4306 | Ossuary  | Reached ** piety under Okawaru
  4750 | D:5      | Found a shimmering blue altar of Sif Muna.
  4752 | D:5      | Found a radiant altar of Vehumet.
  4752 | D:5      | Found a hazy altar of Hepliaklqana.
  4752 | D:5      | Found a hide-covered altar of Uskayaw.
  4753 | D:5      | Found a shimmering altar of Xom.
  4753 | D:5      | Found a bloodstained altar of Trog.
  4753 | D:5      | Found an ornate altar of the Wu Jian Council.
  4753 | D:5      | Found a white marble altar of Elyvilon.
  4776 | D:5      | Reached skill level 9 in Staves
  5129 | D:5      | Found Ikkuob's General Store.
  5507 | D:6      | Noticed Menkaure
  5514 | D:6      | Killed Menkaure
  5650 | D:6      | Found a basalt altar of Yredelemnul.
  5821 | D:6      | Reached XP level 9. HP: 79/79 MP: 8/8
  5841 | D:6      | Reached skill level 10 in Staves
  5851 | D:6      | Reached skill level 5 in Dodging
  5918 | D:6      | Reached skill level 1 in Invocations
  5919 | D:6      | Reached skill level 1 in Evocations
  6444 | D:7      | Reached *** piety under Okawaru
  7156 | D:8      | Found a blossoming altar of Fedhas.
  7219 | D:8      | Found a staircase to the Lair.
  7244 | D:8      | Reached **** piety under Okawaru
  7738 | D:8      | Noticed Prince Ribbit
  7749 | D:8      | Killed Prince Ribbit
  7750 | D:8      | Reached XP level 10. HP: 63/89 MP: 12/12
  8097 | D:8      | Noticed Grum
  8115 | D:8      | Killed Grum
  8824 | D:9      | Found a burning altar of Makhleb.
  9525 | D:9      | Reached ***** piety under Okawaru
  9525 | D:9      | Received a gift from Okawaru
  9537 | D:9      | Reached skill level 11 in Staves
  9888 | D:10     | Entered Level 10 of the Dungeon
 10113 | D:10     | Received a gift from Okawaru
 10789 | D:10     | Reached skill level 5 in Invocations
 11092 | D:10     | Noticed a two-headed ogre
 11103 | D:10     | Killed a two-headed ogre
 11104 | D:10     | Reached skill level 12 in Staves
 11104 | D:10     | Reached skill level 5 in Evocations
 11104 | D:10     | Reached XP level 11. HP: 85/99 MP: 10/13
 11275 | D:10     | Noticed Fannar
 11285 | D:10     | Killed Fannar
 11286 | D:10     | Reached skill level 10 in Fighting
 11388 | Lair:1   | Entered Level 1 of the Lair of Beasts
 11398 | Lair:1   | Received a gift from Okawaru
 11462 | Lair:1   | Noticed a seven-headed hydra
 11478 | Lair:1   | Killed a seven-headed hydra
 11524 | Lair:1   | Found a dark tunnel.
 11766 | Volcano  | Entered a volcano
 11778 | Volcano  | Noticed a fire crab
 11788 | Volcano  | Killed a fire crab
 11812 | Volcano  | Got a fine hat
 11823 | Volcano  | Identified the cursed -6 hat "Cujyc" {rPois rC+++ Str-3
                  | SInv} (You found it in a volcano)
 11848 | Volcano  | Noticed a hell hog
 11859 | Volcano  | Killed a hell hog
 12970 | Lair:1   | Reached XP level 12. HP: 103/107 MP: 13/16
 13379 | Lair:1   | Identified a scroll of acquirement
 13379 | Lair:1   | Acquired the amulet "Nigyr" {Reflect rF- Int+3 Slay+5 SH+5}
 13612 | Lair:2   | Reached skill level 13 in Staves
 13782 | Lair:2   | Received a gift from Okawaru
 14059 | Lair:2   | Reached skill level 10 in Armour
 14167 | Lair:2   | Found a staircase to the Swamp.
 15006 | Lair:3   | Noticed an eight-headed hydra
 15014 | Lair:3   | Killed a five-headed hydra
 15201 | Lair:3   | Reached ****** piety under Okawaru
 15202 | Lair:3   | Reached skill level 14 in Staves
 15208 | Lair:3   | Found a hole to the Spider Nest.
 15570 | Lair:3   | Noticed a catoblepas
 15578 | Lair:3   | Killed a catoblepas
 15579 | Lair:3   | Reached XP level 13. HP: 102/117 MP: 18/18
 16672 | Lair:5   | Got a shimmering wooden ring
 16738 | Lair:5   | Found a staircase to the Slime Pits.
 16796 | Lair:5   | Received a gift from Okawaru
 17239 | Lair:6   | Entered Level 6 of the Lair of Beasts
 17260 | Lair:6   | Received a gift from Okawaru
 17387 | Lair:6   | Received a gift from Okawaru
 17924 | Lair:6   | Reached skill level 10 in Dodging
 18187 | Lair:6   | Received a gift from Okawaru
 18455 | Lair:6   | Reached skill level 10 in Evocations
 18455 | Lair:6   | Reached XP level 14. HP: 122/126 MP: 19/19
 18803 | Lair:6   | Identified the ring "Rigionil" {Int+5 Dex+4 Stlth+} (You
                  | found it on level 5 of the Lair of Beasts)
 19210 | D:11     | Noticed Erica
 19222 | D:11     | Killed Erica
 19518 | D:11     | Found a staircase to the Orcish Mines.
 21754 | D:13     | Found Welanad's Weapon Shoppe.
 21874 | D:13     | Found a gate to the Vaults.
 21874 | D:13     | Noticed an ironheart preserver
 21890 | D:13     | Killed an ironheart preserver
 22138 | D:13     | Found Napidy's Assorted Antiques.
 22145 | D:13     | Received a gift from Okawaru
 22159 | D:13     | Bought a scroll of enchant weapon for 240 gold pieces
 22256 | D:13     | Reached skill level 15 in Staves
 22303 | D:13     | Found a gateway to a bazaar.
 22312 | Bazaar   | Entered a bazaar
 22314 | Bazaar   | Found Zaomog's Distillery.
 22318 | Bazaar   | Found Uggys's General Store.
 22318 | Bazaar   | Found Ifeaku's Weapon Boutique.
 22318 | Bazaar   | Found Mukouf's Weapon Boutique.
 23111 | D:14     | Reached XP level 15. HP: 83/137 MP: 20/20
 24199 | D:15     | Entered Level 15 of the Dungeon
 24367 | D:15     | Found a staircase to the Depths.
 24469 | D:15     | Received a gift from Okawaru
 25502 | Orc:1    | Entered Level 1 of the Orcish Mines
 25524 | Orc:1    | Reached skill level 16 in Staves
 25750 | Orc:2    | Entered Level 2 of the Orcish Mines
 25930 | Orc:2    | Found a roughly hewn altar of Beogh.
 26007 | Orc:2    | Reached skill level 15 in Armour
 26049 | Orc:2    | Reached skill level 15 in Fighting
 26056 | Orc:2    | Found Emativaa's Weapon Shop.
 26056 | Orc:2    | Found Odauploof's Gadget Shoppe.
 26070 | Orc:2    | Found Ketwa's Gadget Boutique.
 26142 | Orc:2    | Found Mybiwk's Magic Scroll Emporium.
 26378 | Orc:2    | Bought a condenser vane for 600 gold pieces
 26837 | Orc:2    | Found a staircase to the Elven Halls.
 27083 | Swamp:1  | Entered Level 1 of the Swamp
 27123 | Swamp:1  | Slain by a goliath frog

Illustrated notes

Levels and vault maps discovered:
D:1:      psy_arrival_fountain, layout_rooms
D:2:      layout_basic, nemelex_lonely_heart_becter
D:3:      layout_loops_cross, grunt_dithmenos_smoke_and_mirrors,
          grunt_ministairs_2, uniq_grinder
D:4:      minmay_clustersquares, layout_loops_ring,
          minmay_temple_entry_statues_pillars, st_stairs_10, uniq_sigmund,
          uniq_duvessa
D:5:      layout_loops_ring, grunt_temple_overflow_open, serial_shops,
          nicolae_shop_stone, nicolae_ossuary_entry_giza
D:6:      layout_cave_pools, basic_altar, uniq_menkaure
D:7:      layout_loops_ring
D:8:      layout_loops_ring, due_lair_maze_entry_diamond, fedhas_altar_2,
          uniq_prince_ribbit1, uniq_grum
D:9:      layout_basic, basic_altar, grunt_livestock
D:10:     layout_roguey, uniq_fannar
D:11:     layout_long_grid, hiddenorc2_lemuel, uniq_erica
D:12:     layout_irregular_city, centaur_isle
D:13:     nzn_motion_control, layout_loops_corners,
          skrybe_vaults_entry_preservation, serial_shops, statue_bzr,
          nicolae_shop_stone, shop_fountains
D:14:     layout_loops_cross, infiniplex_staircase_pillars_1
D:15:     hangedman_depths_entry_civil_slaughter, layout_grid_maze,
          serial_park_gazebo [serial_park_minivault_5x5_7]
Temple:   dshaligram_water_room_temple
Lair:1:   layout_regular_city, enter_volcano_3, kennysheep_rathole,
          lemuel_fruit_tree
Lair:2:   layout_concentric_octagons, minmay_swamp_entry_swarm,
          nicolae_lair_grove_arrangements, minmay_lair_oklob_bushes,
          cheibrodos_lair_lostbears
Lair:3:   layout_chaotic_city, nicolae_spider_entry_non_spiders,
          grunt_megastairs_1
Lair:4:   layout_gridlike, minmay_holes
Lair:5:   layout_regular_city, slime_dummy
Lair:6:   minmay_lair_end_enchanted_forest, layout_small_grid,
          gammafunk_lair_bear_cave
Swamp:1:  layout_basic_swamp, evilmike_swamp_ruin_house_2, uniq_roxanne
Orc:1:    layout_caves, amcnicky_altar_lugonu_corruption, uniq_maurice
Orc:2:    st_orc_rangers, layout_caves, basic_altar

Skill      XL: |  1  2  3  4  5  6  7  8  9 10 11 12 13 14 15 |
---------------+----------------------------------------------+-----
Staves         | 4 5 6 7 9 10 12 14 15 16 | 16.0
Fighting       | 3 4 5 6 7 8 9 10 11 12 13 15 | 15.0
Armour         | 1 4 5 6 7 9 10 13 14 15 | 15.4
Dodging        | 4 5 6 7 8 10 11 | 11.2
Invocations    | 4 5 7 8 |  8.0
Evocations     | 4 5 7 10 | 10.9
Throwing       | |  2.0

Action                   |  1- 3 |  4- 6 |  7- 9 | 10-12 | 13-15 || total
-------------------------+-------+-------+-------+-------+-------++-------
Melee: Quarterstaff      |    55 |   135 |   342 |   389 |       ||   921
       Headbutt          |     3 |    19 |    60 |   134 |   210 ||   426
       Lajatang          |       |       |       |   278 |   990 ||  1268
Invok: Heroism           |       |       |       |     6 |    10 ||    16
       Finesse           |       |       |       |       |     2 ||     2
Evoke: Wand              |       |       |       |     8 |     1 ||     9
       Lightning rod     |       |       |       |       |     4 ||     4
  Use: Scroll            |     9 |     6 |     9 |     9 |     9 ||    42
       Potion            |       |     1 |     1 |     6 |     3 ||    11
 Stab: Paralysed         |       |       |       |     9 |     3 ||    12
       Petrifying        |       |       |       |       |     1 ||     1
Armor: Leather armour    |    12 |     5 |       |       |       ||    17
       Chain mail        |       |    67 |   157 |    76 |       ||   300
       Skin              |       |       |    12 |       |       ||    12
       Plate armour      |       |       |       |    77 |       ||    77
       Crystal plate arm |       |       |       |   243 |   648 ||   891
Dodge: Dodged            |    41 |    52 |   144 |   239 |   375 ||   851
       Repelled          |       |       |     2 |       |       ||     2
Block: Other             |       |       |       |    34 |   232 ||   266
       Reflection        |       |       |       |       |    39 ||    39
